 Dungeon Crawl Stone Soup version 0.18.1-50-g88ac8fd (webtiles) character file.

39 Amnesiac the Cutter (level 3, -5/17 HPs)
             Began as a Vine Stalker Artificer on July 6, 2018.
             Killed by divine providence
             ... invoked by an orc priest
              (11 damage)
             ... on level 3 of the Dungeon.
             The game lasted 00:01:34 (998 turns).

Amnesiac the Cutter (Vine Stalker Artificer)         Turns: 998, Time: 00:01:35

Health: -5/17      AC:  5    Str: 14    XL:     3   Next: 47%
Magic:  0/6        EV:  6    Int: 14    God:
Gold:   58         SH: 10    Dex: 14    Spells: 0 memorised, 2 levels left

rFire  . . .     SeeInvis .     a - +0 short sword
rCold  . . .     Gourm    .     b - +0 leather armour
rNeg   . . .     Faith    .     q - +0 large shield
rPois  .         Spirit   +     i - +1 hat
rElec  .         Dismiss  .     (no cloak)
rCorr  .         Reflect  .     o - +0 pair of gloves
SustAt .         Harm     .     (no boots)
MR     .....                    (no amulet)
Stlth  ++........               (no ring)
                                r - +2 ring of intelligence

@: lethally poisoned (-5 -> -6), not resistant to hostile enchantments,
unstealthy
A: fangs 2, regeneration 1, magic shield, antimagic bite, no device heal 3, rot
immunity
a: no special abilities


You were on level 3 of the Dungeon.
You were not hungry.

You visited 1 branch of the dungeon, and saw 3 of its levels.

You collected 58 gold pieces.

Inventory:

Hand Weapons
 a - a +0 short sword (weapon)
Armour
 b - a +0 leather armour (worn)
 i - a +1 hat (worn)
 o - a +0 pair of gloves (worn)
 q - a +0 large shield (worn)
Jewellery
 r - a +2 ring of intelligence (left hand)
Wands
 c - a wand of flame (15/48)
 d - a wand of enslavement (15/24)
 e - a wand of random effects (15/48)
Scrolls
 h - 2 scrolls of remove curse {!r, unknown}
 k - 4 scrolls of identify {!r, unknown}
 l - a scroll of recharging {!r, unknown}
 p - a scroll of amnesia {!r, unknown}
 s - a scroll of teleportation {!r, unknown}
Potions
 j - a potion of flight {!q, unknown}
 m - a potion of heal wounds {!q, unknown}
 n - a potion of curing {!q, unknown}
Comestibles
 f - a bread ration
 g - a royal jelly


   Skills:
 - Level 0.8 Fighting
 + Level 2.9 Short Blades
 - Level 1.5 Dodging
 - Level 1.2 Stealth
 - Level 2.6 Evocations


You had 2 spell levels left.
You didn't know any spells.

Dungeon Overview and Level Annotations

Branches:
Dungeon (3/15)

Altars:
Dithmenos


Innate Abilities, Weirdness & Mutations

You have extremely sharp teeth.
Your natural rate of healing is unusually fast.
When hurt, damage is shared between your health and your magic reserves.
Your bite disrupts and absorbs the magic of your enemies.
Potions and wands cannot restore your health.
You are immune to rotting.


Message History

The helpless rat fails to defend itself.
You puncture the rat!
You kill the rat!
No target in view!
No target in view!
No target in view!
k - 4 scrolls labeled VOW LIAHETO {!r} (gained 1)
Found an escape hatch in the ceiling.
No target in view!
A giant cockroach comes into view.
Found an escape hatch in the floor.
A worm comes into view.
There are monsters nearby!
A worm comes into view.
There are monsters nearby!
Found a stone staircase leading down.
You closely miss the giant cockroach.
You block the giant cockroach's attack. x2
You hit the giant cockroach. You bite the giant cockroach. You drain its power.
The giant cockroach is severely wounded.
You block the giant cockroach's attack.
You closely miss the giant cockroach.
The giant cockroach is severely wounded.
You block the giant cockroach's attack.
You closely miss the giant cockroach.
The giant cockroach is severely wounded.
The giant cockroach bites you but does no damage.
You block the giant cockroach's attack. The worm bites you.
You block the giant cockroach's attack.
There is a stone staircase leading down here.
Magic restored.
The adder bites you but does no damage. The giant cockroach bites you.
You climb downwards.
There is a stone staircase leading up here.
The adder bites you but does no damage. The giant cockroach bites you.
Your shield prevents you from hitting the adder.
You bite the adder, but do no damage. You block the adder's attack.
The adder bites you.
An orc comes into view. It is wielding a dagger.
The orc shouts!
An orc priest comes into view.
It is wielding a short sword of freezing.
The orc priest shouts!
You hit the adder.
The adder is moderately wounded.
The adder bites you but does no damage. The adder bites you.
You are poisoned.
The adder poisons you!
You barely miss the adder.
The adder is moderately wounded.
You feel sick. The adder bites you.
* * * LOW HITPOINT WARNING * * *
2 orcs come into view.
The orc shouts! x2
You hit the adder but do no damage.
The adder is moderately wounded.
The adder barely misses you. You block the adder's attack.
An orc comes into view. It is wielding a club.
You barely miss the adder.
The adder is moderately wounded.
The orc priest invokes the aid of Beogh against you.
Beogh smites you!
Ouch! That really hurt!
You die...

...... .......
###.......
........... .
.........# ...
.........#
.....#####........#
o..o...@Ss........#
.o..o#####........#
... #........# .
#.<.......
#.........
####....## ...##
..# ..#


You could see an orc priest, an adder, 3 orcs and a giant cockroach.

Vanquished Creatures
  2 dart slugs (D:1)
  2 bats (D:1)
  A giant cockroach (D:1)
  3 goblins (D:1)
  8 hobgoblins
  8 jackals (D:1)
  A ball python (D:1)
  2 kobolds (D:1)
  3 rats
30 creatures vanquished.

Notes
Turn   | Place    | Note
--------------------------------------------------------------
     0 | D:1      | Amnesiac the Vine Stalker Artificer began the quest for the Orb.
     0 | D:1      | Reached XP level 1. HP: 9/9 MP: 3/3
    80 | D:1      | Reached skill level 1 in Short Blades
   181 | D:1      | Reached XP level 2. HP: 14/14 MP: 5/5
   444 | D:2      | Found a faded altar to an unknown god.
   481 | D:1      | Reached XP level 3. HP: 14/17 MP: 6/6
   881 | D:2      | Found a shadowy altar of Dithmenos.
   998 | D:3      | Killed from afar by an orc priest

Skill      XL: |  1  2 |
---------------+-------+-----
Short Blades   | 1 2 |  2.9
Fighting       | |  0.8
Dodging        | |  1.5
Stealth        | |  1.2
Evocations     | |  2.6

Action                   || total
-------------------------++-------
Melee: Short sword       ||   116
       Bite              ||    32
 Stab: Distracted        ||     1
       Sleeping          ||     1
Armor: Leather armour    ||    49
Dodge: Dodged            ||    48
Block: Large shield      ||    29
